 Dungeon Crawl Stone Soup version 0.31-a0-618-g7ca08c1ff9 (webtiles) character file.

Game seed: 1363409866618816663

1549 Fodor the Chopper (level 8, -1/70 HPs)
             Began as a Minotaur Fighter on Aug 22, 2023.
             Splashed by a jelly's acid (5 damage)
             ... on level 6 of the Dungeon.
             The game lasted 00:22:52 (4071 turns).

Fodor the Chopper (Minotaur Fighter)                Turns: 4071, Time: 00:22:52

Health: -1/70      AC: 10    Str: 22    XL:     8   Next: 57%
Magic:  7/7        EV:  6    Int:  5    God:
Gold:   214        SH: 10    Dex: 11    Spells: 7/7 levels left

rFire   x . .        h - +0 war axe (freeze)
rCold   + . .        c - +0 buckler
rNeg    . . .        k - +0 plate armour
rPois   .            (helmet restricted)
rElec   .            (no cloak)
rCorr   .            (no gloves)
SInv    .            v - +0 pair of boots
Will    .....        q - amulet of reflection Stlth
                     a - ring of flight
HPRegen 0.31/turn    n - ring of ice
MPRegen 0.10/turn

%: reflection
@: corroded, flying
A: horns 2, retaliatory headbutt
a: no special abilities


You were on level 6 of the Dungeon.
You visited 1 branch of the dungeon, and saw 6 of its levels.

You collected 214 gold pieces.

Inventory:

Hand Weapons
 b - a +0 scythe
 h - a +0 war axe of freezing (weapon)
Missiles
 i - 5 poisoned darts (quivered)
 r - 4 boomerangs
Armour
 c - a +0 buckler (worn)
 k - a +0 plate armour (worn)
 v - a +0 pair of boots (worn)
Jewellery
 a - a ring of flight (left hand)
 j - a ring of wizardry
 n - a ring of ice (right hand)
 q - an amulet of reflection (around neck)
 t - an amulet of magic regeneration
 x - a ring of protection from fire
Talismans
 p - a maw talisman
Wands
 m - a wand of paralysis (6)
 o - a wand of flame (30)
Scrolls
 e - 6 scrolls of identify {unknown}
 f - a scroll of enchant armour {unknown}
 l - 2 scrolls of blinking {unknown}
 s - a scroll of teleportation {unknown}
 u - 2 scrolls of noise {unknown}
 w - a scroll of fear {unknown}
 y - a scroll of silence {unknown}
 z - a scroll of amnesia {unknown}
Potions
 d - 2 potions of might
 g - 2 potions of curing {unknown}


   Skills:
 + Level 6.2 Fighting
 + Level 4.1 Long Blades
 + Level 7.3 Axes
 + Level 7.1 Armour
 + Level 0.9 Dodging
 + Level 0.8 Stealth
 + Level 6.7 Shields


You had 7 spell levels left.
You didn't know any spells.
Your spell library contained the following spells:

 Spells                   Type           Power      Damage    Failure   Level
 Poisonous Vapours        Pois/Air       0%         N/A       100%        2
 Sublimation of Blood     Necr           0%         N/A       100%        2
 Wereblood                Tmut           0%         N/A       100%        2
 Mephitic Cloud           Conj/Pois/Air  0%         N/A       100%        3
 Freezing Cloud           Conj/Ice/Air   0%         6-21      100%        5
 Summon Forest            Summ/Tloc      0%         N/A       100%        5
 Summon Mana Viper        Hex/Summ       0%         N/A       100%        5
 Summon Cactus Giant      Summ           0%         N/A       100%        6
 Summon Hydra             Summ           0%         N/A       100%        7


Dungeon Overview and Level Annotations

Branches:
Dungeon (6/15)
 Temple: D:4-7

Altars:
Qazlal
Sif Muna
Xom
Yredelemnul

Shops:
D:3 [   D:5 (


Innate Abilities, Weirdness & Mutations

You have a pair of horns on your head.
You reflexively headbutt those who attack you in melee.


Message History

You barely miss something. The gnoll barely misses you.
The shadow strikes at you from the darkness!
Reactivating autopickup.
You hit the shadow but do no damage. You block the gnoll's attack.
You block the shadow's attack.
You hit the shadow.
The shadow is lightly damaged.
The gnoll hits you but does no damage. The shadow hits you.
You barely miss the shadow.
The shadow is lightly damaged.
The gnoll hits you from afar with a +0 spear.
The shadow hits you.
You slash the shadow! Your headbutt misses the shadow.
The shadow is moderately damaged.
You block the gnoll's attack. You block the shadow's attack.
You slash the shadow!
The shadow is almost destroyed.
The gnoll hits you but does no damage.
The shadow slips into darkness.
The shadow flickers and vanishes!
Deactivating autopickup; reactivate with Ctrl-A.
You block the gnoll's attack.
The shadow strikes at you from the darkness!
* * * LOW HITPOINT WARNING * * *
Reactivating autopickup.
You hit the shadow but do no damage.
The shadow is almost destroyed.
You block the gnoll's attack. The shadow hits you!
* * * LOW HITPOINT WARNING * * *
You slash the shadow!
You destroy the shadow!
You block the gnoll's attack.
Your Axes skill increases to level 7!
Your Armour skill increases to level 7!
You hit the jelly. You freeze the jelly. The acid corrodes you!
Your hands burn!
* * * LOW HITPOINT WARNING * * *
The jelly is heavily wounded.
The gnoll hits you but does no damage. You block the jelly's attack.
You hit the jelly but do no damage.
Your hands burn!
You die...

#.. ..
#..####.#
.....#.#
..###.#.#.#
..W...)<).# #
......))..#.#
#..##.#g....#
#..##.#†#.#####
......J@.......
#.....#.#######
...##.... ...
...... #.......
#........
#.........
##+#.##....


You could see a jelly and a gnoll.

Vanquished Creatures
  Prince Ribbit (D:5)
  A shadow (D:6)
  Sigmund (D:2)
  A black bear (D:6)
  2 phantoms (D:4)
  Blork the orc (D:5)
  A scorpion (D:5)
  A bullfrog zombie (D:4)
  4 hounds
  A jelly (D:6)
  2 orc priests
  Crazy Yiuf (D:2)
  Natasha (thrice) (D:2)
  An iguana (D:4)
  2 sleepcaps
  An orc wizard (D:6)
  A scorpion zombie (D:4)
  5 gnolls
  6 adders
  A white imp (D:5)
  3 worms
  3 dart slugs
  6 orcs
  4 endoplasms
  4 giant cockroaches (D:1)
  10 goblins
  6 hobgoblins
  2 quokkas (D:3)
  6 ball pythons
  3 bats
  11 kobolds
  4 rats
99 creatures vanquished.

Notes
Turn   | Place    | Note
-------+----------+-------------------------------------------
     0 | D:1      | Fodor the Minotaur Fighter began the quest for the Orb.
     0 | D:1      | Reached XP level 1. HP: 19/19 MP: 0/0
   261 | D:1      | Reached XP level 2. HP: 25/27 MP: 1/1
   925 | D:2      | Reached XP level 3. HP: 33/33 MP: 2/2
   947 | D:2      | Noticed Sigmund
   952 | D:2      | Noticed Natasha
   956 | D:2      | Killed Sigmund
   957 | D:2      | Reached skill level 5 in Armour
   957 | D:2      | Reached XP level 4. HP: 28/41 MP: 3/3
   957 | D:2      | Reached XP level 5. HP: 32/47 MP: 4/4
   966 | D:2      | Killed Natasha
  1057 | D:2      | Noticed Natasha
  1063 | D:2      | Reached skill level 1 in Axes
  1064 | D:2      | Killed Natasha
  1141 | D:2      | Noticed Natasha
  1148 | D:2      | Killed Natasha
  1149 | D:2      | Reached skill level 5 in Fighting
  1149 | D:2      | Reached XP level 6. HP: 56/56 MP: 5/5
  1221 | D:2      | Found a shimmering altar of Xom.
  1371 | D:2      | Found a runed translucent door.
  1372 | D:2      | Noticed Crazy Yiuf
  1377 | D:2      | Killed Crazy Yiuf
  1704 | D:3      | Found Porecs's Armour Shop.
  1855 | D:3      | Found a stormy altar of Qazlal.
  2626 | D:4      | Found a shimmering blue altar of Sif Muna.
  2927 | D:4      | Reached skill level 5 in Shields
  2936 | D:4      | Reached XP level 7. HP: 62/62 MP: 6/6
  3074 | D:4      | Found a basalt altar of Yredelemnul.
  3574 | D:5      | Entered Level 5 of the Dungeon
  3654 | D:5      | Noticed Prince Ribbit
  3661 | D:5      | Killed Prince Ribbit
  3662 | D:5      | Reached skill level 5 in Axes
  3662 | D:5      | Reached XP level 8. HP: 54/70 MP: 7/7
  3719 | D:5      | Noticed Blork the orc
  3731 | D:5      | Killed Blork the orc
  3825 | D:5      | Found Homox's Weapon Shop.
  4071 | D:6      | Splashed by a jelly's acid

Illustrated notes

Levels and vault maps discovered:
D:1:      kennysheep_arrival_seaside, layout_basic
D:2:      layout_rooms, basic_altar, uniq_sigmund, uniq_natasha,
          uniq_crazy_yiuf_cottage
D:3:      layout_basic, nicolae_qazlal_general_emergency, serial_shops, shop,
          feat_on_display
D:4:      minmay_door_path, layout_loops_ring, lemuel_zombie_altar_yredelemnul,
          nicolae_sif_muna_condensation
D:5:      layout_rooms, serial_shops, shop_fountains, uniq_prince_ribbit1,
          uniq_blork_the_orc
D:6:      layout_basic

Skill      XL: |  1  2  3  4  5  6  7  8 |
---------------+-------------------------+-----
Fighting       | 4 5 6 |  6.2
Armour         | 4 5 6 7 |  7.1
Long Blades    | 3 4 |  4.1
Shields        | 4 5 6 |  6.7
Axes           | 1 3 5 7 |  7.3
Dodging        | |  0.9
Stealth        | |  0.8

Action                     |  1- 3 |  4- 6 |  7- 9 || total
---------------------------+-------+-------+-------++-------
  Melee: Long sword        |    25 |       |       ||    25
         Headbutt          |     6 |    20 |    21 ||    47
         War axe           |    22 |   116 |    92 ||   230
 Armour: Scale mail        |    22 |       |       ||    22
         Plate armour      |     5 |   102 |    55 ||   162
  Dodge: Dodged            |    17 |    37 |    18 ||    72
  Block: Buckler           |    13 |    43 |    71 ||   127
         Reflection        |       |     2 |     2 ||     4

Table legend: (Time is in decaauts)
 A = Elapsed time spent in this place.
 B = Non-inter-level travel time spent in this place.
 C = Inter-level travel time spent in this place.
 D = Time resting spent in this place.
 E = Time spent auto-exploring this place.
 F = Levels seen in this place.
 G = Mean time per level.
                   A        B        C        D        E       F      G
               +--------+--------+--------+--------+--------+-----+--------+
         Total |   4158 |   4102 |     56 |    365 |      0 |   6 |  693.0 |
       Dungeon |   4158 |   4102 |     56 |    365 |      0 |   6 |  693.0 |
               +--------+--------+--------+--------+--------+-----+--------+

Top non-repeatable levels by time:
     D:3: 1077 daAuts
     D:4: 1036 daAuts
     D:1: 930 daAuts
     D:2: 607 daAuts
     D:5: 477 daAuts
     D:6: 29 daAuts
